 Dungeon Crawl Stone Soup version 0.19-a0-27-g415f530 (webtiles) character file.

16144 epen the Grappler (level 12, -10/103 HPs)
             Began as a Ghoul Monk on May 1, 2016.
             Was a High Priest of Cheibriados.
             Mangled by a seven-headed hydra (14 damage)
             ... on level 2 of the Lair of Beasts.
             The game lasted 00:29:52 (14795 turns).

epen the Grappler (Ghoul Monk)                     Turns: 14795, Time: 00:29:55

Health: -10/103    AC:  9    Str: 27    XL:     12   Next: 34%
Magic:  18/18      EV: 21    Int: 20    God:    Cheibriados [*****.]
Gold:   758        SH:  4    Dex: 28    Spells: 0 memorised, 20 levels left

rFire  + . .     SeeInvis +       - Unarmed
rCold  . . .     Gourm    .     e - +2 robe {MR+}
rNeg   + + +     Faith    .     (no shield)
rPois  ∞         Spirit   .     y - +0 helmet
rElec  +         Dismiss  .     n - +2 cloak "Tefim" {-Tele rElec Str-3 SInv}
rCorr  .         Reflect  +     (no gloves)
SustAt .         Harm     .     (no boots)
MR     ++...     NoTele   +     M - +4 amulet of reflection
Stlth  +++++.....               O - ring of protection from magic (curse)
                                v - ring of fire (curse)

@: rotting, very slow, very resistant to hostile enchantments, quite stealthy
A: rotting body, claws 1, carnivore 3, cold resistance 1, negative energy
resistance 3, slow regeneration 1, torment resistance, unbreathing
a: Bend Time, Temporal Distortion, Slouch, Step From Time, Renounce Religion


You were on level 2 of the Lair of Beasts.
You worshipped Cheibriados.
Cheibriados was extremely pleased with you.
You were not hungry.

You visited 3 branches of the dungeon, and saw 14 of its levels.

You collected 758 gold pieces.

Inventory:

Missiles
 F - 14 curare-tipped needles
Armour
 e - a +2 robe of magic resistance (worn)
 g - a +2 cloak
 n - the +2 cloak "Tefim" (worn) {-Tele rElec Str-3 SInv}
   (You found it on level 5 of the Dungeon)

   It affects your strength (-3).
   It insulates you from electricity.
   It lets you see invisible.
   It prevents most forms of teleportation.
 x - the +1 robe "Ovowyler" {-Cast rPois MR+ Dex+5}
   (You found it on level 6 of the Dungeon)

   It affects your dexterity (+5).
   It protects you from poison.
   It affects your resistance to hostile enchantments.
   It prevents spellcasting.
 y - a +0 helmet (worn)
Magical Staves
 L - an uncursed staff of earth
Jewellery
 t - an uncursed ring of protection from cold
 u - an uncursed ring of stealth
 v - a cursed ring of fire (left claw)
 z - an uncursed ring of ice
 D - an uncursed ring of fire
 J - an uncursed ring of see invisible
 M - a +4 amulet of reflection (around neck)
 O - a cursed ring of protection from magic (right claw)
 Q - an uncursed amulet of guardian spirit {unknown}
Wands
 d - a wand of disintegration (15/24)
 f - a wand of slowing (22/48)
 p - a wand of flame (44/48)
 A - a wand of acid (5/15)
 G - a wand of polymorph (15/24)
 S - a wand of flame (21/48)
 T - a wand of flame (34/48)
 U - a wand of acid (8/15)
 X - a wand of polymorph (10/24)
Scrolls
 j - 4 scrolls of remove curse
 m - 2 scrolls of enchant armour
 s - a scroll of blinking
 B - 2 scrolls of magic mapping
 C - 4 scrolls of recharging
 E - a scroll of teleportation
 I - 2 scrolls of identify
 K - a scroll of fog
 V - a scroll of vulnerability {unknown}
 W - a scroll of summoning {unknown}
Potions
 a - 4 potions of might
 c - 3 potions of magic {unknown}
 h - a potion of cure mutation
 i - 4 potions of flight
 k - a potion of brilliance
 l - a potion of invisibility
 o - 2 potions of lignification
 q - a potion of ambrosia {unknown}
 H - 3 potions of heal wounds
 N - a potion of cancellation {unknown}
 P - a potion of curing
Books
 w - a book of Transfigurations

   Spells                             Type                      Level
   a - Irradiate                      Conjuration/Transmutation    5
   b - Statue Form                    Transmutation/Earth          6
   c - Hydra Form                     Transmutation                6
   d - Dragon Form                    Transmutation                7
 R - a Fen Folio

   Spells                             Type                      Level
   a - Corpse Rot                     Necromancy                   2
   b - Stone Arrow                    Conjuration/Earth            3
   c - Leda's Liquefaction            Hexes/Earth                  4
   d - Summon Forest                  Summoning/Translocation      5
   e - Hydra Form                     Transmutation                6
   f - Summon Hydra                   Summoning                    7
Comestibles
 b - 5 meat rations
 r - 2 beef jerkies
 Z - a royal jelly


   Skills:
 + Level 8.7 Fighting
 + Level 6.7 Armour
 * Level 7.7 Dodging
 - Level 8.2 Stealth
 * Level 12.5 Unarmed Combat
 + Level 4.9 Spellcasting
 * Level 5.1 Invocations


You had 20 spell levels left.
You didn't know any spells.

Dungeon Overview and Level Annotations

Branches:
Dungeon (11/15)            Temple (1/1) D:7            Lair (2/8) D:10
    Orc: D:9-12

Altars:
Ashenzari
Cheibriados
Dithmenos
Elyvilon
Fedhas
Gozag
Kikubaaqudgha
Nemelex Xobeh
Okawaru
Pakellas
Qazlal
Sif Muna
Trog
Vehumet
Xom
Zin
The Shining One


Innate Abilities, Weirdness & Mutations

Your body is rotting away.
You thrive on raw meat.
You are immune to poison.
You have sharp fingernails.
You are carnivorous and can eat meat at any time.
Your flesh is cold resistant.
You are immune to negative energy.
You regenerate slowly when monsters are visible.
You are immune to unholy pain and torment.
You can survive without breathing.


Message History

The seven-headed hydra completely misses you.
The seven-headed hydra bites you!
The seven-headed hydra completely misses you.
The seven-headed hydra bites you! x2
You fail to use your ability.
The seven-headed hydra bites you!
* * * LOW HITPOINT WARNING * * *
The seven-headed hydra misses you. The seven-headed hydra bites you.
* * * LOW HITPOINT WARNING * * *
The seven-headed hydra completely misses you.
The seven-headed hydra bites you!
* * * LOW HITPOINT WARNING * * *
The seven-headed hydra closely misses you.
The seven-headed hydra misses you.
You fail to use your ability.
The seven-headed hydra bites you but does no damage.
You block the seven-headed hydra's attack.
The seven-headed hydra bites you.
* * * LOW HITPOINT WARNING * * *
The seven-headed hydra bites you!
You die...

## .. # ### #. ..#
.#..# #. ...# ##...#
### ....# #....# ###(.
#....# #...# #.##..
#.....##..# ###.#.#..
#.......#.# .#....#.#
#.......@## #....# ###
##......D$#####....# #
#...........#.....# #
##............# #
#............# #
##.........#.#
............##
............>##### ##
.............#.#.##.##


You could see a seven-headed hydra.

Vanquished Creatures
  Erica (D:10)
  2 hydras (Lair:2)
  A hill giant (D:11)
  Pikel (D:5)
  A griffon (Lair:2)
  A cyclops (D:11)
  Maurice (D:9)
  2 komodo dragons
  4 spiny frogs
  2 trolls
  The ghost of epen the Sneak, a novice SpEn (D:6)
  Sigmund (D:5)
  A wyvern (D:10)
  17 yaks
  4 hippogriffs
  2 hungry ghosts
  5 water moccasins
  2 hell hounds (D:10)
  A porcupine (Lair:1)
  Duvessa (D:5)
  2 ice beasts
  2 orc warriors
  2 black bears
  2 slaves (D:5)
  A necrophage (D:6)
  4 ogres
  3 wolves (Lair:1)
  4 centaurs
  6 crocodiles
  Blork the orc (D:5)
  9 giant frogs
  2 gnoll sergeants
  A wyvern zombie (D:10)
  The ghost of epen the Sneak, an amateur SpEn (D:3)
  Dowan (D:5)
  3 scorpions
  A wyvern skeleton (D:11)
  6 killer bees
  An electric eel (D:9)
  4 howler monkeys
  A crimson imp (D:6)
  3 giant frog zombies
  A centaur skeleton (D:10)
  3 jellies
  7 orc wizards
  3 giant frog skeletons
  2 orc priests
  Crazy Yiuf (D:5)
  A gnoll shaman (D:9)
  5 hounds
  4 iguanas
  5 worker ants
  2 killer bee zombies
  2 hound zombies
  A hound skeleton (D:8)
  20 gnolls
  13 adders
  6 river rats (Lair:2)
  4 shadow imps
  An ooze (D:1)
  An adder zombie (D:6)
  An adder skeleton (D:9)
  4 worms
  2 dart slugs
  5 giant geckos
  36 orcs
  2 ball pythons
  12 bats
  7 giant cockroaches
  9 goblins
  11 hobgoblins
  11 jackals
  9 quokkas
  6 giant newts
  A jackal zombie (D:8)
  13 kobolds
  A quokka zombie (D:5)
  11 rats
334 creatures vanquished.

Vanquished Creatures (others)
  A slave (D:5)
  A jelly (D:5)
  An orc wizard (D:5)
  2 orcs (D:5)
  A giant newt (D:5)
  A fungus (Lair:2)
  A plant (Lair:1)
8 creatures vanquished.

Grand Total: 342 creatures vanquished

Notes
Turn   | Place    | Note
--------------------------------------------------------------
     0 | D:1      | epen the Ghoul Monk began the quest for the Orb.
     0 | D:1      | Reached XP level 1. HP: 19/19 MP: 0/0
   109 | D:1      | Reached XP level 2. HP: 26/26 MP: 1/1
   499 | D:1      | Reached XP level 3. HP: 31/31 MP: 2/2
   591 | D:1      | Reached skill level 5 in Unarmed Combat
   609 | D:1      | Reached skill level 1 in Armour
  1279 | D:2      | Reached XP level 4. HP: 38/38 MP: 3/3
  1709 | D:2      | Found a deep blue altar of Sif Muna.
  1711 | D:2      | Found a glowing silver altar of Zin.
  1714 | D:2      | Found a shimmering altar of Xom.
  1823 | D:2      | Found a shadowy altar of Dithmenos.
  1826 | D:2      | Found an oddly glowing altar of Pakellas.
  2280 | D:3      | Noticed epen's ghost (amateur SpEn)
  2295 | D:2      | Reached XP level 5. HP: 36/45 MP: 4/4
  2419 | D:3      | Killed epen's ghost
  2772 | D:3      | Reached skill level 6 in Unarmed Combat
  2772 | D:3      | Reached XP level 6. HP: 11/52 MP: 5/5
  3080 | D:3      | Found a stormy altar of Qazlal.
  3559 | D:4      | HP: 1/52 [worker ant (3)]
  3838 | D:4      | Reached XP level 7. HP: 57/59 MP: 6/6
  4522 | D:5      | Entered Level 5 of the Dungeon
  4540 | D:5      | Noticed Blork the orc
  4552 | D:5      | Killed Blork the orc
  4690 | D:5      | Noticed Sigmund
  5074 | D:5      | Reached skill level 7 in Unarmed Combat
  5454 | D:5      | Noticed Dowan
  5461 | D:5      | Noticed Duvessa
  5487 | D:5      | Killed Duvessa
  5487 | D:5      | Reached XP level 8. HP: 32/67 MP: 7/7
  5496 | D:5      | Killed Dowan
  5757 | D:5      | Noticed Crazy Yiuf
  5768 | D:5      | Killed Crazy Yiuf
  5768 | D:5      | Reached skill level 5 in Stealth
  5897 | D:5      | Got a distressingly furry cloak
  5908 | D:5      | Identified the +2 cloak "Tefim" {-Tele rElec Str-3 SInv} (You found it on level 5 of the Dungeon)
  6015 | D:5      | Noticed Pikel
  6077 | D:5      | Killed Pikel
  6077 | D:5      | Reached skill level 5 in Fighting
  6077 | D:5      | Reached skill level 8 in Unarmed Combat
  6443 | D:5      | Killed Sigmund
  6443 | D:5      | Reached XP level 9. HP: 68/74 MP: 8/8
  6713 | D:5      | Reached skill level 5 in Dodging
  6930 | D:5      | Reached skill level 1 in Spellcasting
  7128 | D:6      | Noticed epen's ghost (novice SpEn)
  7160 | D:5      | HP: 3/75 [gnoll/club (7)]
  7299 | D:6      | Reached skill level 9 in Unarmed Combat
  7419 | D:6      | Found a radiant altar of Vehumet.
  7419 | D:6      | Found an opulent altar of Gozag.
  7420 | D:6      | Found a sparkling altar of Nemelex Xobeh.
  7864 | D:6      | Got an opalescent robe
  7875 | D:6      | Identified the +1 robe "Ovowyler" {-Cast rPois MR+ Dex+5} (You found it on level 6 of the Dungeon)
  7919 | D:6      | Killed epen's ghost
  8261 | D:6      | Got a slimy crystal amulet
  8272 | D:6      | Identified the amulet of Sin {Harm *Drain rC+ rN+ Int+4} (You found it on level 6 of the Dungeon)
  8923 | D:7      | Reached XP level 10. HP: 24/83 MP: 12/12
  9050 | D:7      | Found a bloodstained altar of Trog.
  9307 | D:7      | Found a staircase to the Ecumenical Temple.
  9316 | Temple   | Entered the Ecumenical Temple
  9325 | Temple   | Became a worshipper of Cheibriados the Contemplative
  9325 | Temple   | Reached * piety under Cheibriados
  9325 | Temple   | Reached ** piety under Cheibriados
  9709 | D:8      | Reached skill level 10 in Unarmed Combat
 10163 | D:8      | Reached skill level 5 in Armour
 10427 | D:9      | Found a stormy altar of Qazlal.
 10442 | D:9      | Noticed Maurice
 10453 | D:9      | Killed Maurice
 10454 | D:9      | Noticed Erica
 10634 | D:9      | Found a white marble altar of Elyvilon.
 10649 | D:9      | Reached *** piety under Cheibriados
 10658 | D:9      | Found a blossoming altar of Fedhas.
 11355 | D:10     | Entered Level 10 of the Dungeon
 11581 | D:10     | Killed Erica
 11937 | D:10     | Found a staircase to the Lair.
 11976 | D:10     | Reached **** piety under Cheibriados
 11976 | D:10     | Reached skill level 11 in Unarmed Combat
 12066 | D:10     | Reached XP level 11. HP: 78/92 MP: 15/15
 12783 | D:11     | Reached ***** piety under Cheibriados
 13030 | D:11     | Noticed a hill giant
 13051 | D:11     | Killed a hill giant
 13051 | D:11     | Reached skill level 1 in Invocations
 13093 | D:11     | Noticed a cyclops
 13102 | D:11     | Killed a cyclops
 13202 | Lair:1   | Entered Level 1 of the Lair of Beasts
 13717 | Lair:1   | Reached skill level 12 in Unarmed Combat
 13908 | Lair:2   | Reached XP level 12. HP: 73/103 MP: 17/17
 14040 | Lair:2   | Noticed a five-headed hydra
 14057 | Lair:2   | Killed a five-headed hydra
 14368 | Lair:2   | Noticed a five-headed hydra
 14373 | Lair:2   | Killed a five-headed hydra
 14424 | Lair:2   | Reached skill level 5 in Invocations
 14788 | Lair:2   | Noticed a seven-headed hydra
 14795 | Lair:2   | HP: 4/103 [seven-headed hydra (3)]
 14795 | Lair:2   | Mangled by a seven-headed hydra

Vault maps used:
D:1:      lightli_arrival_isolated_outpost, serial_forest,
          infiniplex_forest_end_3, infiniplex_forest_end_3,
          infiniplex_forest_end_3, infiniplex_forest_clump_curved,
          infiniplex_forest_lined_2, infiniplex_forest_clump_small,
          infiniplex_forest_lined_3_way, minmay_misc_feat_columns
D:2:      nicolae_overflow_hidden_temple, serial_bayou_pond_c
D:3:      first_bread, grunt_qazlal_sundering
D:5:      roderic_nine_men_s_morris, hangedman_glass_teeth, uniq_pikel,
          uniq_blork_the_orc, uniq_crazy_yiuf_cottage, uniq_duvessa,
          uniq_sigmund
D:6:      gammafunk_temple_overflow_claw, columned_hall_lemuel
D:7:      temple_hall, trog_hazing_becter
D:9:      grunt_temple_overflow_forces_of_nature, kennysheep_mini_moat,
          uniq_maurice, uniq_erica
D:10:     minmay_lair_entry_lava
Temple:   dpeg_three_leaves_temple_9
Lair:2:   hangedman_lair_generics_rect

Skill      XL: |  1  2  3  4  5  6  7  8  9 10 11 12 |
---------------+-------------------------------------+-----
Unarmed Combat | 5 6 7 8 9 11 12 | 12.5
Armour         | 1 2 3 4 5 6 |  6.7
Dodging        | 3 4 5 6 7 |  7.7
Stealth        | 3 4 5 6 7 8 |  8.2
Fighting       | 4 5 6 7 8 |  8.7
Spellcasting   | 2 3 4 |  4.9
Invocations    | 4 5 |  5.1

Action                   |  1- 3 |  4- 6 |  7- 9 | 10-12 || total
-------------------------+-------+-------+-------+-------++-------
Melee: Unarmed           |   107 |   234 |   442 |   570 ||  1353
       Punch             |     1 |     2 |    14 |    52 ||    69
Invok: Bend Time         |       |       |       |     1 ||     1
       Slouch            |       |       |       |     1 ||     1
  Use: Potion            |       |     3 |     2 |     1 ||     6
       Scroll            |       |       |    14 |     6 ||    20
 Stab: Sleeping          |     2 |     2 |     7 |    22 ||    33
       Distracted        |       |       |       |     4 ||     4
  Eat: Chunk             |     8 |    15 |    34 |    77 ||   134
       Meat ration       |       |     1 |       |       ||     1
Armor: Robe              |    23 |    57 |    84 |    99 ||   263
Dodge: Dodged            |    74 |   166 |   270 |   523 ||  1033
Block: Other             |       |       |       |    65 ||    65
